[Event "Titled Tuesday Blitz May 10 Early 2022"]
[White "Kohler, Aran"]
[Black "Jannatul, Ferdous"]
[WhiteFideId "1002856"]
[BlackFideId "10212590"]
[WhiteElo "2307"]
[BlackElo "1707"]
[Result "0-1"]
[Round "11"]
[TimeControl "180+1"]
[Date "2022.05.11"]
[WhiteClock "0:00:01"]
[BlackClock "0:00:13"]

1. Nf3 d5 2. d4 Nf6 3. Bg5 e6 4. Nbd2 c5 5. e3 cxd4 6. exd4 Nc6 7. c3 Be7 8. Bd3 h6 9. Bf4 O-O 10. Qe2 a6 11. Ne5 Nxe5 12. Bxe5 Nd7 13. O-O Nxe5 14. dxe5 b5 15. Nb3 Bb7 16. Nd4 Qb6 17. a3 Bc5 18. Rad1 Rfc8 19. Bb1 Bf8 20. Qg4 Kh8 21. Rd3 Qc7 22. f4 Bc5 23. Kh1 Bxd4 24. Rxd4 Rg8 25. Rf3 Qe7 26. Rh3 a5 27. f5 exf5 28. Qxf5 g6 29. Qf4 g5 30. Qf5 Rg6 31. Kg1 Bc8 32. Qf3 g4 33. Qxd5 Rb8 34. Bxg6 gxh3 35. Qxf7 Qxf7 36. Bxf7 Bb7 37. e6 Kg7 38. Rd7 Bxg2 39. Bh5+ Kf6 40. e7 Bc6 41. Rd6+ Kxe7 42. Rxc6 Rg8+ 43. Kf1 Rg2 44. Rxh6 Rxh2 45. b4 axb4 46. axb4 Rc2 47. Be2 Rxc3 48. Kf2 Rb3 49. Rh4 h2 50. Kg2 Rb2 51. Re4+ Kd6 52. Kxh2 Kd5 53. Re8 Rxb4 54. Kg3 Rb3+ 55. Bf3+ Kc5 56. Rd8 b4 57. Rc8+ Kd4 58. Kf4 Rc3 59. Rd8+ Kc5 60. Be4 Kb5 61. Rb8+ Ka4 62. Ke5 Kb3 63. Bd5+ Ka3 64. Ra8+ Kb2 65. Kd4 b3 66. Rb8 Rh3 67. Bc4 Rh4+ 68. Kc5 Rh3 69. Bd5 Rc3+ 70. Bc4 Kc2 71. Kd4 b2 72. Ba2 Rd3+ 73. Kc4 Rc3+ 74. Kd4 Rd3+ 75. Ke4 Ra3 76. Bc4 b1=Q 77. Rxb1 Kxb1 78. Bd5 Ra5 79. Ke5 Ra4 80. Ke6 Kb2 81. Ke5 Ra5 82. Ke6 Ka3 83. Ke5 Kb4 84. Kd4 Rc5 85. Be4 Kb5 86. Bd5 Kb6 87. Ke5 Rb5 88. Kd6 Rb1 89. Ke5 Rd1 90. Be4 Kc5 91. Bf5 Re1+ 92. Be4 Re2 93. Kf4 Kd4 94. Bf3 Rf2 95. Kg3 Ke3 96. Bd5 Rf5 0-1


[Site "https://www.chess.com"]

[Event "Titled Tuesday Blitz May 10 Early 2022"]
[White "Korchmar, Vasiliy"]
[Black "Khabinets, Ivan"]
[WhiteFideId "24131750"]
[BlackFideId "14115980"]
[WhiteElo "2370"]
[BlackElo "2114"]
[Result "0-1"]
[Round "11"]
[TimeControl "180+1"]
[Date "2022.05.10"]
[WhiteClock "0:00:37"]
[BlackClock "0:01:16"]

1. e4 c5 2. Nf3 d6 3. d4 cxd4 4. Nxd4 Nf6 5. Nc3 a6 6. f3 e5 7. Nb3 Be6 8. Be3 Be7 9. Qd2 Nbd7 10. g4 b5 11. g5 Nh5 12. O-O-O O-O 13. Kb1 Nb6 14. Na5 Qc7 15. Nd5 Nxd5 16. exd5 Bxd5 17. Qxd5 Qxa5 18. c4 Qb4 19. cxb5 axb5 20. Bxb5 Rfb8 21. Rc1 Bf8 22. a4 Rxa4 23. Rc4 Qb3 24. Qd1 Qxb5 0-1


[Site "https://www.chess.com"]

[Event "Titled Tuesday Blitz May 10 Early 2022"]
[White "Kozak, Antoni"]
[Black "Daneshvar, Bardiya"]
[WhiteFideId "21832030"]
[BlackFideId "12576468"]
[WhiteElo "2322"]
[BlackElo "2330"]
[Result "0-1"]
[Round "11"]
[TimeControl "180+1"]
[Date "2022.05.10"]
[WhiteClock "0:00:01"]
[BlackClock "0:00:29"]

1. c4 g6 2. Nc3 Bg7 3. d4 d6 4. e4 Nc6 5. Be3 e5 6. d5 Nce7 7. g4 f5 8. gxf5 gxf5 9. Qh5+ Kf8 10. Bh3 Nf6 11. Qf3 f4 12. Bd2 Ng6 13. Bxc8 Qxc8 14. h4 h5 15. Qh3 Qg4 16. Nf3 Nh7 17. Ke2 Bf6 18. Rag1 Qxh3 19. Rxh3 Kf7 20. Nb5 Bd8 21. Ba5 b6 22. Bb4 a6 23. Na3 Be7 24. Bc3 Rag8 25. Nc2 Ngf8 26. Rxg8 Rxg8 27. Nb4 a5 28. Nc6 Nd7 29. Kf1 Bf6 30. Ng1 Rg4 31. Nf3 Nc5 32. Nd2 Nf8 33. f3 Rg3 34. Rh2 Ng6 35. Kf2 Bxh4 36. Ke2 Na4 37. Nf1 Rg1 38. Be1 Bxe1 39. Kxe1 h4 40. Kf2 Rg3 41. b3 Nc3 42. Nd8+ Ke7 43. Ne6 c5 44. Ng7 Nxa2 45. Nf5+ Kf6 46. Nxh4 Nxh4 47. Rxh4 Rg6 48. Rh8 Nc1 49. Rb8 Ke7 50. Rxb6 Nd3+ 51. Ke2 Nb4 52. Kf2 Nc2 53. Rb7+ Kd8 54. Rb8+ Kc7 55. Ra8 Nd4 56. Rxa5 Nxb3 57. Ra4 Nd4 58. Nd2 Nc2 59. Ra7+ Kb8 60. Rf7 Ne3 61. Ke2 Kc8 62. Kd3 Rg1 63. Rh7 Rd1 64. Ke2 Rc1 65. Kd3 Nc2 66. Rg7 Nb4+ 67. Ke2 Rc3 68. Rh7 Nc2 69. Rg7 Nd4+ 70. Kf2 Rd3 71. Ke1 Nxf3+ 72. Nxf3 Rxf3 73. Rg6 Kd7 74. Rg7+ Ke8 75. Rg6 Ke7 76. Rg7+ Kf6 77. Rd7 Re3+ 78. Kf2 Rxe4 79. Rxd6+ Kf5 80. Rd8 Rxc4 81. d6 Ke4 82. d7 Rd4 83. Ke2 c4 84. Kf2 c3 85. Rc8 Rxd7 86. Rxc3 Rd2+ 87. Ke1 Ra2 88. Rb3 Kf5 89. Kf1 e4 90. Rb8 e3 91. Rg8 Ke4 92. Ke1 Kf3 93. Rb8 Ra1+ 94. Rb1 Rxb1# 0-1


[Site "https://www.chess.com"]

[Event "Titled Tuesday Blitz May 10 Early 2022"]
[White "Kruckenhauser, Arthur"]
[Black "Le Ruyet, Leopold"]
[WhiteFideId "1642812"]
[BlackFideId "645923"]
[WhiteElo "2243"]
[BlackElo "2276"]
[Result "1-0"]
[Round "11"]
[TimeControl "180+1"]
[Date "2022.05.11"]
[WhiteClock "0:00:19"]
[BlackClock "0:00:06"]

1. a3 g6 2. Ra2 Bg7 3. Nf3 d5 4. g3 e5 5. d3 Nc6 6. Bg2 a5 7. O-O Nf6 8. b3 O-O 9. Nbd2 e4 10. Ne1 e3 11. fxe3 Ng4 12. Ndf3 Re8 13. c4 Nxe3 14. Bxe3 Rxe3 15. Nc2 Re8 16. e3 Bg4 17. h3 Be6 18. Kh2 Qd6 19. Ng5 Rad8 20. Nxe6 fxe6 21. Ne1 d4 22. e4 Be5 23. Qg4 Rf8 24. Raf2 Bg7 25. Rxf8+ Rxf8 26. Rxf8+ Bxf8 27. Nc2 Ne5 28. Qe2 Qb6 29. b4 axb4 30. axb4 Bxb4 31. h4 Be7 32. Bh3 c5 33. Na3 Qb3 34. Bxe6+ Kg7 35. Nb5 Qxd3 36. Qf2 h5 37. Nc7 Qxe4 38. Ne8+ Kh8 39. Nc7 Nf3+ 40. Kh3 d3 41. Bd5 Qg4+ 42. Kg2 Ne5 43. Qe3 Qe2+ 44. Qxe2 dxe2 45. Kf2 Bd6 46. Ne8 Bb8 47. Nf6 Kg7 48. Ne4 Nd3+ 49. Kxe2 Nc1+ 50. Kf3 Na2 51. Bxb7 Nb4 52. Bd5 Nxd5 53. cxd5 c4 54. Ke3 Kf7 55. Kd4 Ke7 56. Kxc4 Kd7 57. Kd4 Ke7 58. Ke3 Kd7 59. Kf3 Ke7 60. Kg2 Kf7 61. Kh3 Ke7 62. Kh2 Kf7 63. Kg2 Ke7 64. Kf2 Kf7 65. Kf3 Ke7 66. Nc5 Kd6 67. Na6 Ba7 68. Nb4 Kc5 69. Nd3+ Kxd5 70. Nf4+ Ke5 71. Nxg6+ Kf6 72. Nf4 Kf5 73. Nxh5 Kg6 74. Kg4 Kh6 75. Nf4 Kg7 76. Nh3 Kf7 77. h5 Kg7 78. Kh4 Kh7 79. g4 Be3 80. g5 Kg7 81. Kg4 Kh7 82. Nf4 Kg7 83. h6+ Kh7 84. Nd5 Bd4 85. Kh5 Kh8 86. g6 Kg8 87. Ne7+ Kh8 88. Nf5 Bf6 89. Nd6 Kg8 90. Nf7 Bd4 91. h7+ 1-0


[Site "https://www.chess.com"]

[Event "Titled Tuesday Blitz May 10 Early 2022"]
[White "Lamaze, Simon"]
[Black "Bommini, Mounika Akshaya"]
[WhiteFideId "36069264"]
[BlackFideId "25019872"]
[WhiteElo "1999"]
[BlackElo "1671"]
[Result "1/2-1/2"]
[Round "11"]
[TimeControl "180+1"]
[Date "2022.05.11"]
[WhiteClock "0:01:50"]
[BlackClock "0:00:44"]

1. e4 e5 2. f4 exf4 3. Nf3 d6 4. d4 Nf6 5. Nc3 Nh5 6. Bc4 Be7 7. O-O Bg4 8. Nd5 c6 9. Nxf4 Nxf4 10. Bxf4 O-O 11. h3 Be6 12. Bxe6 fxe6 13. Bh2 Nd7 14. Qe2 Qe8 15. Rae1 Qg6 16. Kh1 Nf6 17. e5 dxe5 18. Nxe5 Qh6 19. Nd3 Nh5 20. Rxf8+ Rxf8 21. Qxe6+ Qxe6 22. Rxe6 Rf1+ 23. Bg1 Kf7 24. Re1 Rxe1 25. Nxe1 Ng3+ 26. Kh2 Nf1+ 27. Kh1 Ng3+ 28. Kh2 Nf1+ 29. Kh1 Ng3+ 1/2-1/2


[Site "https://www.chess.com"]

[Event "Titled Tuesday Blitz May 10 Early 2022"]
[White "Le, Tuan Minh"]
[Black "Bacrot, Etienne"]
[WhiteFideId "12401153"]
[BlackFideId "605506"]
[WhiteElo "2450"]
[BlackElo "2673"]
[Result "1-0"]
[Round "11"]
[TimeControl "180+1"]
[Date "2022.05.10"]
[WhiteClock "0:01:39"]
[BlackClock "0:00:06"]

1. d4 d5 2. Nf3 Nf6 3. Bf4 e6 4. e3 Bd6 5. Bg3 c5 6. c4 cxd4 7. Nxd4 O-O 8. Nc3 Nc6 9. cxd5 exd5 10. Be2 Bb4 11. O-O Bxc3 12. bxc3 Ne4 13. Rc1 Nxg3 14. hxg3 Ne5 15. Qb3 b6 16. Rfd1 Bb7 17. Nc2 Qf6 18. Nb4 Rfd8 19. Rd4 a5 20. Nxd5 Rxd5 21. Rxd5 a4 22. Qd1 Bxd5 23. Qxd5 Rd8 24. Qe4 g6 25. Qxa4 Rd2 26. Rc2 Qd6 27. Rxd2 Qxd2 28. Qe8+ 1-0


[Site "https://www.chess.com"]

[Event "Titled Tuesday Blitz May 10 Early 2022"]
[White "Maghsoodloo, Parham"]
[Black "Bachmann, Axel"]
[WhiteFideId "12539929"]
[BlackFideId "3700488"]
[WhiteElo "2630"]
[BlackElo "2587"]
[Result "0-1"]
[Round "11"]
[TimeControl "180+1"]
[Date "2022.05.10"]
[WhiteClock "0:00:01"]
[BlackClock "0:00:16"]

1. d4 Nf6 2. c4 g6 3. h4 c5 4. d5 e6 5. Nc3 exd5 6. cxd5 d6 7. e4 a6 8. a4 Bg7 9. Nf3 Bg4 10. Be2 Nbd7 11. Bf4 Qe7 12. Nd2 Bxe2 13. Qxe2 Ne5 14. a5 O-O 15. Na4 Rae8 16. O-O Nh5 17. Bg5 Bf6 18. Bxf6 Qxf6 19. g3 Qg7 20. Ra3 f5 21. exf5 Rxf5 22. Re3 Ref8 23. Nb6 g5 24. hxg5 Rxg5 25. Ne4 Nf4 26. Qd1 Nh3+ 27. Kg2 Nf4+ 28. Kg1 Rh5 29. f3 Nh3+ 30. Kg2 Qh6 31. Ree1 Kh8 32. f4 Nxf4+ 33. Rxf4 Rh2+ 34. Kg1 Rxf4 35. gxf4 Qh3 36. Re2 Nf3# 0-1


[Site "https://www.chess.com"]

[Event "Titled Tuesday Blitz May 10 Early 2022"]
[White "Maksimovic, Bojan"]
[Black "Hua, Lefong"]
[WhiteFideId "14408120"]
[BlackFideId "2602253"]
[WhiteElo "2448"]
[BlackElo "2611"]
[Result "0-1"]
[Round "11"]
[TimeControl "180+1"]
[Date "2022.05.10"]
[WhiteClock "0:00:03"]
[BlackClock "0:00:51"]

1. Nf3 Nf6 2. Ng1 g6 3. Nf3 Bg7 4. Ng1 O-O 5. g3 c5 6. Bg2 Nc6 7. d3 d6 8. Nf3 Rb8 9. O-O b5 10. e4 Nd7 11. Nc3 b4 12. Ne2 Nd4 13. Rb1 Qb6 14. Nexd4 cxd4 15. Bg5 Re8 16. Qd2 Nc5 17. Bh6 Bh8 18. Ng5 Ne6 19. Nxf7 Kxf7 20. f4 Kg8 21. f5 Nf8 22. h4 Qc5 23. h5 Qe5 24. Rf4 gxf5 25. Rbf1 Bf6 26. g4 fxg4 27. Qf2 Be6 28. Qg3 Qxh5 29. Rxf6 exf6 30. Rxf6 Ng6 31. Bd2 Qe5 32. Rxg6+ hxg6 33. Bf4 Qf6 34. Bxd6 Rbc8 35. Be5 Qg5 36. Bf4 Qh5 37. Qf2 Rf8 38. Qd2 Rf7 39. Bg3 Rcf8 40. Qxb4 Qg5 41. Qxd4 Qc1+ 42. Kh2 Rh7+ 43. Bh3 Rxh3+ 44. Kg2 Qh1# 0-1


[Site "https://www.chess.com"]

[Event "Titled Tuesday Blitz May 10 Early 2022"]
[White "Mammadzada, Gunay"]
[Black "Wagner, Dennis"]
[WhiteFideId "13403729"]
[BlackFideId "24650684"]
[WhiteElo "2242"]
[BlackElo "2355"]
[Result "0-1"]
[Round "11"]
[TimeControl "180+1"]
[Date "2022.05.11"]
[WhiteClock "0:00:02"]
[BlackClock "0:00:58"]

1. e4 e5 2. Nf3 Nf6 3. Nc3 Bb4 4. Bc4 O-O 5. O-O Bxc3 6. dxc3 d6 7. Bg5 h6 8. Bh4 Re8 9. Re1 Nbd7 10. a4 Nf8 11. Nd2 Ng6 12. Bg3 a5 13. f3 Nh5 14. Bf2 Nhf4 15. Nf1 Qg5 16. Bg3 Nh5 17. Qc1 Nxg3 18. hxg3 Be6 19. Qxg5 hxg5 20. Bxe6 Rxe6 21. Ne3 Ne7 22. Rad1 Rf8 23. g4 g6 24. Nd5 Nxd5 25. Rxd5 b6 26. b4 Ra8 27. bxa5 c6 28. Rd3 Rxa5 29. Rb1 Rxa4 30. Rxb6 Rc4 31. Rb8+ Kg7 32. Rd8 d5 33. exd5 cxd5 34. R8xd5 e4 35. fxe4 Rexe4 36. Rxg5 Re2 37. Kf1 Rxc2 38. Re5 Rxg4 39. g3 Rc4 40. Ree3 f5 41. Ke1 Kh6 42. Kd1 Rg2 43. Rd2 Rg1+ 44. Kc2 Kg5 45. Kb3 Rc6 46. c4 Rb1+ 47. Kc2 Rb4 48. Rc3 Rbxc4 49. Rxc4 Rxc4+ 50. Kd3 Re4 51. Rb2 Kg4 52. Rb6 g5 53. Rg6 Re1 54. Kd4 Rg1 55. Ke3 Rxg3+ 56. Kf2 f4 0-1


[Site "https://www.chess.com"]

[Event "Titled Tuesday Blitz May 10 Early 2022"]
[White "Martic, Ivan"]
[Black "Demchenko, Anton"]
[WhiteFideId "929301"]
[BlackFideId "4160258"]
[WhiteElo "2317"]
[BlackElo "2539"]
[Result "0-1"]
[Round "11"]
[TimeControl "180+1"]
[Date "2022.05.11"]
[WhiteClock "0:00:15"]
[BlackClock "0:01:20"]

1. d4 Nf6 2. Nf3 e6 3. c4 b6 4. g3 Bb7 5. Bg2 Bb4+ 6. Bd2 Bxd2+ 7. Qxd2 d6 8. Nc3 Nbd7 9. O-O Ne4 10. Qe3 Nxc3 11. Qxc3 O-O 12. Qc2 f5 13. d5 e5 14. e4 f4 15. b4 Qe7 16. Bh3 Kh8 17. Kg2 Nf6 18. Ng5 Nxd5 19. cxd5 Qxg5 20. Qxc7 Ba6 21. Qxd6 Rf6 22. Qd7 fxg3 23. hxg3 Raf8 24. Bf5 Bxf1+ 25. Rxf1 g6 26. Be6 Qd2 27. Qd6 Rxf2+ 28. Rxf2 Rxf2+ 29. Kh3 Rh2+ 30. Kg4 h5+ 31. Kf3 Rf2# 0-1


[Site "https://www.chess.com"]

[Event "Titled Tuesday Blitz May 10 Early 2022"]
[White "Martin Carmona, Gaston Manuel"]
[Black "Cherniaiev, Tykhon"]
[WhiteFideId "22284567"]
[BlackFideId "14182360"]
[WhiteElo "2162"]
[BlackElo "2289"]
[Result "0-1"]
[Round "11"]
[TimeControl "180+1"]
[Date "2022.05.11"]
[WhiteClock "0:00:11"]
[BlackClock "0:00:15"]

1. e4 c5 2. Nf3 e6 3. d4 cxd4 4. Nxd4 a6 5. c4 Nf6 6. Nc3 Qc7 7. Be2 Nc6 8. Be3 Be7 9. Rc1 O-O 10. O-O b6 11. f3 Bb7 12. b3 Rac8 13. Qd2 Rfd8 14. Rfd1 Qb8 15. Nc2 Ba8 16. Bf1 Nb4 17. Qf2 Nxc2 18. Rxc2 Bc5 19. Bxc5 bxc5 20. Na4 d6 21. e5 dxe5 22. Rxd8+ Rxd8 23. Nxc5 e4 24. fxe4 Nxe4 25. Nxe4 Bxe4 26. Rd2 h5 27. Rd4 Bc6 28. Be2 g6 29. c5 e5 30. Rxd8+ Qxd8 31. Bxa6 Qd1+ 32. Bf1 Bb5 33. c6 Bxc6 34. Qe2 Qd4+ 35. Qf2 Qc3 36. Qe2 e4 37. Qc4 Qe3+ 38. Kh1 Qf2 39. Qe2 Qf6 40. a4 Qa1 41. h4 Qb1 42. Qc4 e3 43. Kh2 Bd7 44. a5 Be6 45. Qd3 Qe1 46. Qd8+ Kh7 47. Bb5 Qb4 48. Be2 Qf4+ 49. Kh1 Qf2 50. Bb5 e2 51. Bxe2 Qxe2 52. b4 Qe1+ 53. Kh2 Qxb4 54. Qb6 Qxb6 55. axb6 Bd5 56. g3 Kg7 57. Kg1 Kf6 58. Kf2 Kf5 59. Ke3 Kg4 60. Kd4 Bh1 61. Ke5 Kxg3 62. Kf6 Kxh4 63. Kxf7 g5 0-1


[Site "https://www.chess.com"]

[Event "Titled Tuesday Blitz May 10 Early 2022"]
[White "Meshkovs, Nikita"]
[Black "Samadov, Read"]
[WhiteFideId "11602740"]
[BlackFideId "13417444"]
[WhiteElo "2506"]
[BlackElo "2084"]
[Result "1-0"]
[Round "11"]
[TimeControl "180+1"]
[Date "2022.05.10"]
[WhiteClock "0:01:44"]
[BlackClock "0:00:32"]

1. d4 Nf6 2. Nc3 d5 3. Bf4 c5 4. e3 a6 5. Nf3 Nc6 6. dxc5 e6 7. Na4 Bxc5 8. Nxc5 Qa5+ 9. c3 Qxc5 10. Bd3 O-O 11. O-O Qe7 12. Ne5 Nxe5 13. Bxe5 Bd7 14. Qf3 Bc6 15. Qg3 Nh5 16. Qg4 g6 17. Qb4 Qxb4 18. cxb4 Bb5 19. Bxb5 axb5 20. g4 Ng7 21. Rfc1 Rfc8 22. Rxc8+ Rxc8 23. a4 Ra8 24. a5 Ne8 25. g5 Rc8 26. a6 bxa6 27. Rxa6 h6 28. h4 hxg5 29. hxg5 Kf8 30. Ra7 Rc4 31. Ra8 Ke7 32. Ra7+ Kf8 33. Bd4 Nc7 34. Bc5+ 1-0


[Site "https://www.chess.com"]

[Event "Titled Tuesday Blitz May 10 Early 2022"]
[White "Mica, Marek"]
[Black "Kosteniuk, Alexandra"]
[WhiteFideId "382884"]
[BlackFideId "4128125"]
[WhiteElo "2100"]
[BlackElo "2469"]
[Result "0-1"]
[Round "11"]
[TimeControl "180+1"]
[Date "2022.05.11"]
[WhiteClock "0:00:38"]
[BlackClock "0:01:32"]

1. Nf3 Nf6 2. g3 d5 3. Bg2 c5 4. O-O Nc6 5. d4 cxd4 6. Nxd4 e5 7. Nxc6 bxc6 8. c4 Be6 9. cxd5 cxd5 10. Nc3 Rc8 11. Qa4+ Qd7 12. Qxd7+ Kxd7 13. Rd1 Bb4 14. Nxd5 Nxd5 15. Bxd5 Bxd5 16. Rxd5+ Ke6 17. Rb5 Bc5 18. Bd2 Bd4 19. e3 Bb6 20. Bc3 f6 21. Rd1 Rhd8 22. Rxd8 Rxd8 23. a4 Rd5 24. Rxd5 Kxd5 25. b3 Ke4 26. Bb4 f5 27. Kg2 g6 28. h4 h5 29. Bd6 Kd5 30. Bb4 Ke4 31. Bc3 Bc7 32. Bb4 Kd3 33. Bc5 a6 34. b4 Kc4 35. Be7 e4 36. b5 axb5 37. axb5 Kxb5 38. Bg5 Kc4 39. Bf4 Bxf4 40. exf4 Kd3 41. Kg1 Kd2 42. Kh1 Kd1 43. Kh2 Ke1 44. Kg1 Ke2 45. Kg2 e3 46. fxe3 Kxe3 47. Kh2 Kf2 48. Kh3 Kg1 49. g4 fxg4+ 50. Kg3 Kh1 51. Kf2 Kh2 0-1


[Site "https://www.chess.com"]

[Event "Titled Tuesday Blitz May 10 Early 2022"]
[White "Migot, Tangi"]
[Black "Gatterer, Florian"]
[WhiteFideId "662445"]
[BlackFideId "811688"]
[WhiteElo "2483"]
[BlackElo "2218"]
[Result "1-0"]
[Round "11"]
[TimeControl "180+1"]
[Date "2022.05.11"]
[WhiteClock "0:00:13"]
[BlackClock "0:00:08"]

1. d4 d5 2. c4 c6 3. Nc3 Nf6 4. Bg5 Ne4 5. Nxe4 dxe4 6. h4 h6 7. Bf4 e5 8. dxe5 Bb4+ 9. Bd2 Qe7 10. Bxb4 Qxb4+ 11. Qd2 Qxc4 12. e3 Qc5 13. Qd4 Qa5+ 14. b4 Qa3 15. Ne2 O-O 16. Nc3 Rd8 17. Qxd8+ Kh7 18. Qd2 Bf5 19. Bc4 Qxb4 20. Bxf7 Nd7 21. e6 Ne5 22. O-O Qe7 23. Qd4 Ng4 24. g3 Rd8 25. Qa4 Qc7 26. Rad1 b5 27. Qb4 Rxd1 28. Nxd1 Ne5 29. e7 Nf3+ 30. Kg2 Bh3+ 31. Kxh3 Qd7+ 32. g4 Qc7 33. Rh1 h5 34. Bg6+ Kh6 35. g5+ Nxg5+ 36. hxg5+ Kxg5 37. e8=Q h4 38. Qee7+ Qxe7 39. Qxe7+ Kxg6 40. Rg1+ Kh5 41. Qg5# 1-0


[Site "https://www.chess.com"]

[Event "Titled Tuesday Blitz May 10 Early 2022"]
[White "Mirzoev, Azer"]
[Black "Jaskolka, Tomasz"]
[WhiteFideId "13400304"]
[BlackFideId "1170791"]
[WhiteElo "2525"]
[BlackElo "2073"]
[Result "1-0"]
[Round "11"]
[TimeControl "180+1"]
[Date "2022.05.11"]
[WhiteClock "0:00:47"]
[BlackClock "0:00:18"]

1. d4 Nf6 2. c4 e6 3. Nc3 Bb4 4. e3 O-O 5. Ne2 d6 6. a3 Bxc3+ 7. Nxc3 b6 8. e4 Bb7 9. f3 Nbd7 10. Bg5 h6 11. Bh4 e5 12. d5 a6 13. Be2 Qe8 14. O-O Nh5 15. Re1 Nf4 16. Bf1 f6 17. Bg3 g5 18. b4 Qg6 19. Qd2 h5 20. Bf2 h4 21. Nd1 g4 22. fxg4 Qxg4 23. Kh1 Kf7 24. Ne3 Qg5 25. Nf5 Rh8 26. Be3 Rag8 27. Ra2 Qg4 28. h3 Qg5 29. Qc1 Nf8 30. Bxf4 exf4 31. Rf2 Ng6 32. c5 dxc5 33. bxc5 Rc8 34. c6 Ba8 35. Bxa6 Rcg8 36. Bf1 Ne5 37. Qxf4 Qg6 38. Qxe5 fxe5 39. Nxh4+ Qf6 40. Rxf6+ Kxf6 41. Nf3 Rh5 42. Kh2 Ke7 43. a4 Kd6 44. Bb5 Rh6 45. Re3 Rhg6 46. g4 Rh8 47. Kg3 Rf8 48. Nh4 Rgf6 49. Nf5+ Kc5 50. Rc3+ Kb4 51. Rc1 Rh8 52. h4 Rf7 53. h5 Rg8 54. Kh4 Rgf8 55. h6 Rf6 56. g5 Rxf5 57. exf5 Rxf5 58. g6 Rf6 59. Kg5 1-0


[Site "https://www.chess.com"]

[Event "Titled Tuesday Blitz May 10 Early 2022"]
[White "Mitrabha, Guha"]
[Black "Sokolovsky, Yahli"]
[WhiteFideId "5057000"]
[BlackFideId "2820242"]
[WhiteElo "2468"]
[BlackElo "1770"]
[Result "1-0"]
[Round "11"]
[TimeControl "180+1"]
[Date "2022.05.10"]
[WhiteClock "0:00:11"]
[BlackClock "0:00:04"]

1. Nf3 g6 2. d4 Bg7 3. c4 d6 4. Nc3 Nf6 5. g3 O-O 6. Bg2 Bd7 7. d5 c5 8. O-O Qc8 9. Re1 Bh3 10. Bh1 h6 11. e4 Nbd7 12. e5 dxe5 13. Nxe5 Nxe5 14. Rxe5 Ng4 15. Re2 Bd4 16. Bg2 Ne5 17. Re4 Bxg2 18. Kxg2 Qf5 19. Qe2 h5 20. Nb5 Nxc4 21. Nxd4 cxd4 22. Rxd4 Nd6 23. Qxe7 Rad8 24. Bg5 Rd7 25. Qf6 Qc2 26. Rf4 Nf5 27. Re1 Rd6 28. Re6 Rxe6 29. dxe6 Qc6+ 30. Rf3 Qxe6 31. Qxe6 fxe6 32. Rd3 Rf7 33. Rd8+ Kg7 34. Bf4 Kf6 35. h4 e5 36. Bg5+ Ke6 37. Rg8 Rg7 38. Re8+ Kd5 39. Rd8+ Kc6 40. Kf3 Nd6 41. b3 Rf7+ 42. Ke3 e4 43. Bf4 Nf5+ 44. Kxe4 Re7+ 45. Kf3 Re1 46. Rc8+ Kb6 47. Kg2 Re2 48. Rg8 Rxa2 49. Rxg6+ Kb5 50. Rg5 Kb4 51. Rxf5 b5 52. Rxh5 a5 53. Bd6+ Kxb3 54. Rxb5+ Ka4 55. Rb8 Rb2 56. Ra8 Rb7 57. Bf4 Kb5 58. h5 a4 59. h6 Kb4 60. Rb8 1-0


[Site "https://www.chess.com"]

[Event "Titled Tuesday Blitz May 10 Early 2022"]
[White "Nagy, Gabor"]
[Black "Atakhan, Abtin"]
[WhiteFideId "737119"]
[BlackFideId "22502203"]
[WhiteElo "2569"]
[BlackElo "2094"]
[Result "1-0"]
[Round "11"]
[TimeControl "180+1"]
[Date "2022.05.10"]
[WhiteClock "0:01:31"]
[BlackClock "0:00:01"]

1. e4 c5 2. Nf3 Nc6 3. Nc3 g6 4. h4 Nf6 5. d4 cxd4 6. Nxd4 Bg7 7. Nxc6 dxc6 8. Qxd8+ Kxd8 9. Bf4 Nd7 10. Rh3 e5 11. Bg5+ f6 12. Bd2 Kc7 13. O-O-O Nb6 14. Rh1 Be6 15. b3 Rad8 16. h5 Bf7 17. Be2 f5 18. Bg5 Rxd1+ 19. Rxd1 h6 20. Be7 Nc8 21. Bc5 b6 22. Ba3 Bf6 23. hxg6 Bxg6 24. exf5 Bxf5 25. Bd3 Bxd3 26. Rxd3 Rg8 27. Ne4 Be7 28. Bb2 Bg5+ 29. Kd1 Re8 30. Ke2 b5 31. Bc3 Nb6 32. Nxg5 hxg5 33. Bd2 g4 34. Rg3 Rg8 35. Kd3 Kd6 36. Ke4 Ke6 37. f3 Nd5 38. fxg4 Nf6+ 39. Kf3 Rf8 40. Ke3 Rg8 41. g5 Nh5 42. Rg4 Nf4 43. Ke4 Nd5 44. Rh4 Rg6 45. Rh6 Ne7 46. g4 a6 47. Be3 Rxh6 48. gxh6 Ng6 49. h7 Nh8 50. Bh6 Nf7 51. g5 Nh8 52. Bg7 Ng6 53. h8=Q 1-0


[Site "https://www.chess.com"]

[Event "Titled Tuesday Blitz May 10 Early 2022"]
[White "Namitbir Singh Walia"]
[Black "Cunha, Lucas Aguiar"]
[WhiteFideId "35071068"]
[BlackFideId "2125404"]
[WhiteElo "1565"]
[BlackElo "2361"]
[Result "0-1"]
[Round "11"]
[TimeControl "180+1"]
[Date "2022.05.11"]
[WhiteClock "0:00:06"]
[BlackClock "0:00:45"]

1. e4 c5 2. Nf3 e6 3. d4 cxd4 4. Nxd4 Nc6 5. Nc3 Qc7 6. a3 a6 7. Be2 Nf6 8. Be3 Be7 9. O-O O-O 10. f4 d6 11. Bf3 Re8 12. Kh1 Nxd4 13. Qxd4 e5 14. Qd3 exf4 15. Bxf4 Be6 16. Rad1 Rad8 17. Rfe1 b5 18. Nd5 Bxd5 19. exd5 Nd7 20. c3 Ne5 21. Bxe5 dxe5 22. a4 Qb8 23. axb5 axb5 24. Be2 b4 25. c4 g6 26. Rf1 f5 27. Qg3 Rf8 28. Qe3 Qc7 29. Ra1 Bc5 30. Qb3 e4 31. Ra6 Qe5 32. Qa4 Qxb2 33. Bd1 e3 34. Re6 Qd4 35. Qc6 Rf7 36. Be2 Kg7 37. Rd1 b3 38. Rxd4 Bxd4 39. Qb5 b2 40. Ra6 Rdd7 41. Bd3 Rb7 0-1


[Site "https://www.chess.com"]

[Event "Titled Tuesday Blitz May 10 Early 2022"]
[White "Needleman, Alejandro"]
[Black "Ajay Krishna, S"]
[WhiteFideId "100730"]
[BlackFideId "5096430"]
[WhiteElo "2351"]
[BlackElo "2247"]
[Result "0-1"]
[Round "11"]
[TimeControl "180+1"]
[Date "2022.05.11"]
[WhiteClock "0:00:22"]
[BlackClock "0:00:11"]

1. e4 c5 2. Nf3 d6 3. Bc4 e6 4. O-O Nf6 5. Re1 Nc6 6. c3 Be7 7. Bb3 O-O 8. d4 cxd4 9. cxd4 d5 10. e5 Nd7 11. Nc3 b6 12. Bc2 Ba6 13. a4 Nb4 14. Bb1 Qc7 15. Nb5 Qc6 16. Bg5 Bxg5 17. Nxg5 h6 18. Qd2 Bxb5 19. Qxb4 Ba6 20. Nh3 Rfc8 21. Nf4 Qc4 22. Qd2 Qc7 23. h4 Nf8 24. Ra3 Qe7 25. h5 Rc7 26. Rg3 Kh8 27. Ne2 Rac8 28. Nc3 Qh4 29. Rh3 Qg4 30. Ree3 Rc4 31. Rd3 Rb4 32. Nb5 Bxb5 33. axb5 Rbc4 34. Kh2 Rc1 35. Rdg3 Qd1 36. Qxd1 Rxd1 37. Ba2 Rxd4 38. Rc3 Rc5 39. Rxc5 bxc5 40. Ra3 Rb4 41. Rxa7 Rxb2 42. Rxf7 Kg8 43. Rc7 Rxa2 44. b6 Rb2 45. b7 c4 46. Kg3 c3 47. Rxc3 Rxb7 48. Rc8 Kf7 49. f4 Nd7 50. Kf3 Rb3+ 51. Kf2 Ke7 52. g4 d4 53. Rg8 Kf7 54. Rd8 Ke7 55. Rg8 Rb2+ 56. Ke1 Kf7 57. Rd8 Rb7 58. Kd2 Nc5 59. f5 exf5 60. gxf5 Re7 61. e6+ Kf6 62. Rxd4 Nb3+ 63. Ke3 Nxd4 64. Kxd4 Re8 65. Kd5 Re7 66. Kd6 Ra7 67. Kd5 Kxf5 68. e7 Rxe7 69. Kd6 Re4 70. Kd7 Rh4 71. Kd6 Rxh5 72. Kd7 Rg5 73. Kd6 h5 74. Kd7 h4 75. Kd6 h3 76. Kd7 h2 77. Kd6 h1=Q 0-1


[Site "https://www.chess.com"]

[Event "Titled Tuesday Blitz May 10 Early 2022"]
[White "Nogerbek, Kazybek"]
[Black "Fier, Alexandr"]
[WhiteFideId "13710427"]
[BlackFideId "2107139"]
[WhiteElo "2441"]
[BlackElo "2571"]
[Result "1/2-1/2"]
[Round "11"]
[TimeControl "180+1"]
[Date "2022.05.10"]
[WhiteClock "0:01:32"]
[BlackClock "0:01:32"]

1. Nf3 Nf6 2. c4 c5 3. Nc3 Nc6 4. g3 g6 5. Bg2 Bg7 6. O-O O-O 7. d4 cxd4 8. Nxd4 Qa5 9. e3 d6 10. Bxc6 bxc6 11. Nxc6 Qc7 12. Nd5 Nxd5 13. cxd5 Bb7 14. Bd2 e6 15. e4 exd5 16. exd5 Bxb2 17. Rb1 Bg7 18. Qa4 Bc8 19. Rfe1 Qd7 20. Ne7+ Kh8 21. Qxd7 Bxd7 22. Rb7 Bh3 23. Nc6 a6 24. f3 h5 25. Bb4 Rae8 26. Rxe8 Rxe8 27. Kf2 Bh6 28. Re7 Rxe7 29. Nxe7 Bf8 30. Bxd6 Bxe7 31. Bxe7 Kg7 32. g4 hxg4 33. Kg3 f5 34. f4 1/2-1/2


[Site "https://www.chess.com"]